SAA
MARQUETTE MINERS @ LONG ISLAND SEAWOLVES
08/22/2024
 
TOP OF THE 1ST
Marquette Miners batting - Pitching for Long Island Seawolves : RHP Nick Richie
Pitching: RHP Nick Richie
Batting: LHB Aquiles Marmelo 0-0: Fly out, F9 (Flyball, 9D)
Batting: RHB Félix De La Hoya 0-0: Ground out 6-3 (Groundball, 6M)
Batting: RHB Ed Adams 0-0: Ground out 5-3 (Groundball, 56)
Top of the 1st over - 0 run(s), 0 hit(s), 0 error(s), 0 left on base; Marquette 0 - Long Island 0
BOTTOM OF THE 1ST
Long Island Seawolves batting - Pitching for Marquette Miners : RHP Jorge Carrión
Pitching: RHP Jorge Carrión
Batting: RHB Rafael Canseco 0-0: Called Strike
0-1: Ball
1-1: Ball
2-1: Foul Ball, location: 2F
2-2: Ball
3-2: Strikes out swinging
Batting: LHB Keith Alexander 0-0: SINGLE (Line Drive, 9S)
Batting: RHB John Burton 0-0: Called Strike
0-1: Ball
1-1: Ball
2-1: Fly out, F9 (Flyball, 9D)
Batting: RHB Fred Burt 0-0: Ball
1-0: Ball
2-0: Called Strike
2-1: Fly out, F8 (Line Drive, 8LD)
Bottom of the 1st over - 0 run(s), 1 hit(s), 0 error(s), 1 left on base; Marquette 0 - Long Island 0
TOP OF THE 2ND
Marquette Miners batting - Pitching for Long Island Seawolves : RHP Nick Richie
Batting: RHB Preston Hernández 0-0: Swinging Strike
0-1: Ball
1-1: Called Strike
1-2: Ball
2-2: Ball
3-2: Strikes out swinging
Batting: LHB Rick Harrison 0-0: Called Strike
0-1: Ball
1-1: Foul Ball, location: 2F
1-2: Ball
2-2: Foul Ball, location: 2F
2-2: Foul Ball, location: 2F
2-2: Strikes out swinging
Batting: RHB Ken Little 0-0: Ball
1-0: Foul Ball, location: 2F
1-1: Reached on error, E5 (Groundball, 56S)
Batting: RHB Bernardo Márquez 0-0: DOUBLE (Line Drive, 9LS)
Ken Little to third
Runner from 3rd tries for Home, SAFE, no throw or cutoff
Batting: RHB Isaac Downey 0-0: Ball
1-0: Foul Ball, location: 2F
1-1: SINGLE (Groundball, 5L)
Bernardo Márquez to third
Runner from 3rd tries for Home, SAFE, no throw or cutoff
Batting: RHB David Barrón 0-0: Ball
1-0: Ball
2-0: Ball
3-0: Called Strike
3-1: Called Strike
3-2: SINGLE (Groundball, 6MD)
Isaac Downey to second
Isaac Downey to third
Batting: LHB Aquiles Marmelo 0-0: Foul Ball, location: 2F
0-1: Foul Ball, location: 2F
0-2: Foul Ball, location: 2F
0-2: Strikes out swinging
Top of the 2nd over - 2 run(s), 3 hit(s), 1 error(s), 2 left on base; Marquette 2 - Long Island 0
BOTTOM OF THE 2ND
Long Island Seawolves batting - Pitching for Marquette Miners : RHP Jorge Carrión
Batting: RHB Francisco García 0-0: Foul Ball, location: 2F
0-1: Ball
1-1: Ball
2-1: Swinging Strike
2-2: SINGLE (Line Drive, 7LM)
Batting: RHB Manuel Martínez 0-0: Ball
1-0: DOUBLE (Line Drive, 7LM)
Francisco García to third
Batting: RHB Arturo Morales 0-0: Ball
1-0: Ball
2-0: Ball
3-0: Called Strike
3-1: Base on Balls
Batting: RHB José Cervantes 0-0: Swinging Strike
0-1: Foul Ball, location: 2F
0-2: Ball
1-2: Foul Ball, location: 2F
1-2: Strikes out swinging
Batting: RHB Jim Unknown 0-0: Ball
1-0: Called Strike
1-1: Ball
2-1: Ball
3-1: Called Strike
3-2: Foul Ball, location: 2F
3-2: Base on Balls
Francisco García scores
Manuel Martínez to third
Arturo Morales to second
Batting: RHB Rafael Canseco 0-0: Ball
1-0: Ball
2-0: Ball
3-0: Swinging Strike
3-1: SINGLE (Line Drive, 78S)
Manuel Martínez scores
Arturo Morales to third
Jim Unknown to second
Batting: LHB Keith Alexander 0-0: Ball
1-0: Fly out, F3 (Line Drive, 3L)
1-0: Lined into DP, U3 (Line Drive, 3L)
Bottom of the 2nd over - 2 run(s), 3 hit(s), 0 error(s), 2 left on base; Marquette 2 - Long Island 2
TOP OF THE 3RD
Marquette Miners batting - Pitching for Long Island Seawolves : RHP Nick Richie
Batting: RHB Félix De La Hoya 0-0: Ball
1-0: Swinging Strike
1-1: Ball
2-1: Fly out, F4 (Line Drive, 4)
Batting: RHB Ed Adams 0-0: Ball
1-0: Ball
2-0: SINGLE (Line Drive, 9S)
Batting: RHB Preston Hernández 0-0: Ball
1-0: Ball
2-0: Grounds into double play, 4-6-3 (Groundball, 4)
Top of the 3rd over - 0 run(s), 1 hit(s), 0 error(s), 0 left on base; Marquette 2 - Long Island 2
BOTTOM OF THE 3RD
Long Island Seawolves batting - Pitching for Marquette Miners : RHP Jorge Carrión
Batting: RHB John Burton 0-0: Called Strike
0-1: Ball
1-1: Ball
2-1: SINGLE (Groundball, 4MD)
Batting: RHB Fred Burt 0-0: Ball
John Burton steals 2nd base
1-0: Foul Ball, location: 2F
1-1: Swinging Strike
1-2: Ball
2-2: Foul Ball, location: 2F
2-2: Ball
3-2: Ground out 6-3 (Groundball, 6)
John Burton to third
Batting: RHB Francisco García 0-0: SINGLE (Line Drive, 5D)
John Burton scores
Batting: RHB Manuel Martínez 0-0: Ball
1-0: Called Strike
1-1: Ball
Francisco García steals 2nd base
2-1: Ball
3-1: Foul Ball, location: 2F
3-2: Base on Balls
Batting: RHB Arturo Morales 0-0: Called Strike
0-1: Ball
1-1: Fly out, F8 (Line Drive, 8RS)
Batting: RHB José Cervantes 0-0: Ball
1-0: Called Strike
1-1: Swinging Strike
1-2: Foul Ball, location: 2F
1-2: Ball
2-2: Strikes out swinging
Bottom of the 3rd over - 1 run(s), 2 hit(s), 0 error(s), 2 left on base; Marquette 2 - Long Island 3
TOP OF THE 4TH
Marquette Miners batting - Pitching for Long Island Seawolves : RHP Nick Richie
Batting: LHB Rick Harrison 0-0: Reached on error, E4 (Groundball, 4M)
Batting: RHB Ken Little 0-0: Fly out, F8 (Flyball, 8RXD)
Runner from 2nd tags up, SAFE at 3rd, no throw
Batting: RHB Bernardo Márquez 0-0: Called Strike
0-1: Ground out 6-3 (Groundball, 6)
Rick Harrison scores
Batting: RHB Isaac Downey 0-0: Swinging Strike
0-1: Swinging Strike
0-2: Ball
1-2: Foul Ball, location: 2F
1-2: Foul Ball, location: 2F
1-2: Ball
2-2: Ball
3-2: Strikes out swinging
Top of the 4th over - 1 run(s), 0 hit(s), 1 error(s), 0 left on base; Marquette 3 - Long Island 3
BOTTOM OF THE 4TH
Long Island Seawolves batting - Pitching for Marquette Miners : RHP Jorge Carrión
Batting: RHB Jim Unknown 0-0: Called Strike
0-1: Ball
1-1: Swinging Strike
1-2: Ball
2-2: Foul Ball, location: 2F
2-2: Ball
3-2: Foul Ball, location: 2F
3-2: Base on Balls
Batting: RHB Rafael Canseco 0-0: Foul Ball, location: 2F
0-1: Ball
1-1: Ball
2-1: Foul Ball, location: 2F
2-2: Fly out, F7 (Flyball, 7M)
Batting: LHB Keith Alexander 0-0: Called Strike
0-1: Ball
1-1: Ball
2-1: SINGLE (Line Drive, 6D)
Jim Unknown to second
Batting: RHB John Burton 0-0: Foul Ball, location: 2F
0-1: Ball
1-1: Swinging Strike
1-2: Strikes out looking
Batting: RHB Fred Burt 0-0: Fly out, F9 (Flyball, 89M)
Bottom of the 4th over - 0 run(s), 1 hit(s), 0 error(s), 2 left on base; Marquette 3 - Long Island 3
TOP OF THE 5TH
Marquette Miners batting - Pitching for Long Island Seawolves : RHP Nick Richie
Batting: RHB David Barrón 0-0: Swinging Strike
0-1: Called Strike
0-2: Ball
1-2: Strikes out looking
Batting: LHB Aquiles Marmelo 0-0: Foul Ball, location: 2F
0-1: Foul Ball, location: 2F
0-2: Foul Ball, location: 2F
0-2: Ball
1-2: SINGLE (Groundball, 34S) (infield hit)
Batting: RHB Félix De La Hoya 0-0: Fly out, F6 (Popup, 78S)
Batting: RHB Ed Adams 0-0: Called Strike
0-1: Ball
1-1: Ball
2-1: Ball
3-1: Fly out, F8 (Flyball, 8LD)
Top of the 5th over - 0 run(s), 1 hit(s), 0 error(s), 1 left on base; Marquette 3 - Long Island 3
BOTTOM OF THE 5TH
Long Island Seawolves batting - Pitching for Marquette Miners : RHP Jorge Carrión
Batting: RHB Francisco García 0-0: Called Strike
0-1: Ball
1-1: Ball
2-1: Ball
3-1: Base on Balls
Pitching: RHP Thomas Berry
Batting: RHB Manuel Martínez 0-0: Sac Bunt - play at first, batter OUT! 3-4
Francisco García to second
Batting: RHB Arturo Morales 0-0: Ball
1-0: Ball
2-0: Ball
3-0: Called Strike
3-1: Base on Balls
Batting: RHB José Cervantes 0-0: Foul Ball, location: 2F
0-1: Grounds into double play, 6-4-3 (Groundball, 6)
Bottom of the 5th over - 0 run(s), 0 hit(s), 0 error(s), 1 left on base; Marquette 3 - Long Island 3
TOP OF THE 6TH
Marquette Miners batting - Pitching for Long Island Seawolves : RHP Nick Richie
Batting: RHB Preston Hernández 0-0: Foul Ball, location: 2F
0-1: Ball
1-1: Swinging Strike
1-2: Strikes out looking
Batting: LHB Rick Harrison 0-0: Ball
1-0: Ball
2-0: Ball
3-0: Base on Balls
Batting: RHB Ken Little 0-0: Called Strike
0-1: Ball
1-1: Swinging Strike
1-2: Ground out 5-3 (Groundball, 5L)
Rick Harrison to second
Pitching: LHP Jorge Ayala
Batting: RHB Bernardo Márquez 0-0: Ball
1-0: Ball
2-0: Ball
3-0: Base on Balls
Batting: RHB Isaac Downey 0-0: Ball
1-0: Ball
2-0: Ball
3-0: Swinging Strike
3-1: SINGLE (Groundball, 5D)
Rick Harrison to third
Bernardo Márquez to second
Runner from 3rd tries for Home, SAFE, no throw or cutoff
Batting: RHB David Barrón 0-0: Ball
1-0: Called Strike
1-1: Ball
2-1: Ball
3-1: SINGLE (Groundball, 56D)
Bernardo Márquez to third
Isaac Downey to second
Runner from 3rd tries for Home, SAFE, no throw or cutoff
Batting: LHB Aquiles Marmelo 0-0: Swinging Strike
0-1: Foul Ball, location: 2F
0-2: Ball
1-2: Strikes out swinging
Top of the 6th over - 2 run(s), 2 hit(s), 0 error(s), 2 left on base; Marquette 5 - Long Island 3
BOTTOM OF THE 6TH
Long Island Seawolves batting - Pitching for Marquette Miners : RHP Thomas Berry
Batting: RHB Jim Unknown 0-0: Called Strike
0-1: Ball
1-1: Ball
2-1: Foul Ball, location: 2F
2-2: Strikes out swinging
Batting: RHB Rafael Canseco 0-0: Ball
1-0: Ground out 5-3 (Groundball, 5L)
Batting: LHB Keith Alexander 0-0: Fly out, F7 (Popup, 56D)
Bottom of the 6th over - 0 run(s), 0 hit(s), 0 error(s), 0 left on base; Marquette 5 - Long Island 3
TOP OF THE 7TH
Marquette Miners batting - Pitching for Long Island Seawolves : LHP Jorge Ayala
Batting: RHB Félix De La Hoya 0-0: SINGLE (Groundball, 6)
Batting: RHB Ed Adams 0-0: Ball
1-0: Ball
2-0: DOUBLE (Groundball, 5L)
Félix De La Hoya to third
Batting: RHB Preston Hernández 0-0: Intentional Walk
Pinch Hitting: RHB Ron Johnston 0-0: Ball
1-0: Called Strike
1-1: Ball
2-1: Grounds into fielders choice 6-2 (Groundball, 6M)
Ed Adams to third
Preston Hernández to second
Batting: RHB Ken Little 0-0: Ball
1-0: Ball
2-0: Called Strike
2-1: Called Strike
2-2: Ball
3-2: Base on Balls
Ed Adams scores
Preston Hernández to third
Ron Johnston to second
Batting: RHB Bernardo Márquez 0-0: Ball
1-0: Fly out, F7 (Flyball, 7M)
Runner from 3rd tags up, SCORES, throw made
Pitching: LHP Jim Unknown
Batting: RHB Isaac Downey 0-0: Swinging Strike
0-1: Swinging Strike
0-2: Strikes out looking
Top of the 7th over - 2 run(s), 2 hit(s), 0 error(s), 2 left on base; Marquette 7 - Long Island 3
BOTTOM OF THE 7TH
Long Island Seawolves batting - Pitching for Marquette Miners : RHP Thomas Berry
Now in CF: Ron Johnston
Batting: RHB John Burton 0-0: Ball
1-0: Swinging Strike
1-1: Ball
2-1: Swinging Strike
2-2: Ground out 2-3 (Groundball, 25)
Batting: RHB Fred Burt 0-0: Foul Ball, location: 2F
0-1: Foul Ball, location: 2F
0-2: Ball
1-2: Ball
2-2: Foul Ball, location: 2F
2-2: Ball
3-2: DOUBLE (Line Drive, 9LS)
Batting: RHB Francisco García 0-0: Ball
1-0: Ball
2-0: Fly out, F8 (Popup, 8RS)
Batting: RHB Manuel Martínez 0-0: Swinging Strike
0-1: Foul Ball, location: 2F
0-2: Ball
1-2: Ball
2-2: Foul Ball, location: 2F
2-2: Ball
3-2: Foul Ball, location: 2F
3-2: Foul Ball, location: 2F
3-2: Ground out 4-3 (Groundball, 4M)
Bottom of the 7th over - 0 run(s), 1 hit(s), 0 error(s), 1 left on base; Marquette 7 - Long Island 3
TOP OF THE 8TH
Marquette Miners batting - Pitching for Long Island Seawolves : LHP Jim Unknown
Batting: RHB David Barrón 0-0: Fly out, F8 (Flyball, 8LM)
Batting: LHB Aquiles Marmelo 0-0: Called Strike
0-1: Swinging Strike
0-2: Foul Ball, location: 2F
0-2: Foul Ball, location: 2F
0-2: Ball
1-2: Ball
2-2: Foul Ball, location: 2F
2-2: Strikes out swinging
Batting: RHB Félix De La Hoya 0-0: Ball
1-0: Ball
2-0: SINGLE (Groundball, 56)
Batting: RHB Ed Adams 0-0: Ball
1-0: Foul Ball, location: 2F
1-1: Foul Ball, location: 2F
1-2: Strikes out looking
Top of the 8th over - 0 run(s), 1 hit(s), 0 error(s), 1 left on base; Marquette 7 - Long Island 3
BOTTOM OF THE 8TH
Long Island Seawolves batting - Pitching for Marquette Miners : RHP Thomas Berry
Batting: RHB Arturo Morales 0-0: Ball
1-0: Ball
2-0: DOUBLE (Line Drive, 7LS)
Batting: RHB José Cervantes 0-0: Called Strike
0-1: Ball
1-1: Foul Ball, location: 2F
1-2: Foul Ball, location: 2F
1-2: Ball
2-2: Strikes out swinging
Batting: RHB Jim Unknown 0-0: Ball
1-0: Ball
2-0: Foul Ball, location: 2F
2-1: Called Strike
2-2: Ball
3-2: DOUBLE (Flyball, 8LXD)
Arturo Morales scores
Pitching: RHP Sean Evans
Batting: RHB Rafael Canseco 0-0: Called Strike
0-1: Ball
1-1: Ball
2-1: Ground out 6-3 (Groundball, 6)
Batting: LHB Keith Alexander 0-0: Ball
1-0: Ball
2-0: Called Strike
2-1: Foul Ball, location: 2F
2-2: Foul Ball, location: 2F
2-2: Ball
3-2: Ground out 6-3 (Groundball, 6M)
Bottom of the 8th over - 1 run(s), 2 hit(s), 0 error(s), 1 left on base; Marquette 7 - Long Island 4
TOP OF THE 9TH
Marquette Miners batting - Pitching for Long Island Seawolves : LHP Jim Unknown
Pitching: LHP Jim Unknown
Batting: RHB Preston Hernández 0-0: Ball
1-0: Foul Ball, location: 2F
1-1: Swinging Strike
1-2: SINGLE (Groundball, 6M)
Batting: RHB Ron Johnston 0-0: Called Strike
0-1: Foul Ball, location: 2F
0-2: Fly out, F8 (Flyball, 8LM)
Batting: RHB Ken Little 0-0: Ball
1-0: Fly out, F8 (Flyball, 8RM)
Batting: RHB Bernardo Márquez 0-0: Swinging Strike
0-1: Swinging Strike
0-2: Ball
1-2: Ball
2-2: Foul Ball, location: 2F
2-2: Hit by Pitch
Preston Hernández to second
Batting: RHB Isaac Downey 0-0: Ball
1-0: Foul Ball, location: 2F
1-1: Fly out, F7 (Flyball, 8LS)
Top of the 9th over - 0 run(s), 1 hit(s), 0 error(s), 2 left on base; Marquette 7 - Long Island 4
BOTTOM OF THE 9TH
Long Island Seawolves batting - Pitching for Marquette Miners : RHP Sean Evans
Pitching: RHP Bob Baker
Batting: RHB John Burton 0-0: Foul Ball, location: 2F
0-1: Foul Ball, location: 2F
0-2: Foul Ball, location: 2F
0-2: Foul Ball, location: 2F
0-2: Foul Ball, location: 2F
0-2: Ball
1-2: Ground out 1-3 (Groundball, 23)
Batting: RHB Fred Burt 0-0: Called Strike
0-1: Ball
1-1: SINGLE (Groundball, 56D)
Batting: RHB Francisco García 0-0: Ball
1-0: Ball
2-0: Swinging Strike
2-1: Foul Ball, location: 2F
2-2: Ball
3-2: Foul Ball, location: 2F
3-2: Foul Ball, location: 2F
3-2: Base on Balls
Fred Burt to second
Batting: RHB Manuel Martínez 0-0: Ball
1-0: Fly out, F3 (Popup, 3SF)
Batting: RHB Arturo Morales 0-0: Ball
1-0: Ball
2-0: Foul Ball, location: 2F
2-1: Ball
3-1: Foul Ball, location: 2F
3-2: Base on Balls
Fred Burt to third
Francisco García to second
Batting: RHB José Cervantes 0-0: Ball
1-0: Foul Ball, location: 2F
1-1: Ball
2-1: SINGLE (Line Drive, 6D)
Fred Burt scores
Francisco García to third
Arturo Morales to second
Runner from 3rd tries for Home, SAFE, throw made home
Arturo Morales to third
José Cervantes to second
Batting: RHB Jim Unknown 0-0: Fly out, F7 (Line Drive, 78M)
Bottom of the 9th over - 2 run(s), 2 hit(s), 0 error(s), 2 left on base; Marquette 7 - Long Island 6
This league is powered by Out of the Park Baseball, the baseball management simulation game for PC, Mac and Linux
Monday, October 3rd, 2016 - OOTP Baseball 16.9 Build 39